[Event "Titled Tuesday Blitz October 11 Late 2022"]
[White "Matinian, Nikita"]
[Black "Pinheiro, Iung Alicio de O."]
[WhiteFideId "24129100"]
[BlackFideId "2104350"]
[WhiteElo "2422"]
[BlackElo "2283"]
[Result "1-0"]
[Round "11"]
[TimeControl "180+1"]
[Date "2022.10.11"]
[WhiteClock "0:00:09"]
[BlackClock "0:00:13"]

1. e4 c5 2. Nc3 Nc6 3. Bb5 Nd4 4. Nf3 a6 5. Bd3 Nc6 6. O-O g6 7. Re1 Bg7 8. e5 Nh6 9. b3 O-O 10. Bb2 d6 11. exd6 exd6 12. h3 Nf5 13. Na4 Nfd4 14. Nxd4 Nxd4 15. Nc3 b5 16. Be4 Ra7 17. Nd5 Bb7 18. c4 Bxd5 19. Bxd5 Re7 20. Rxe7 Qxe7 21. Bxd4 Bxd4 22. Qe1 Qd7 23. Rd1 Re8 24. Qf1 Qe7 25. cxb5 axb5 26. Qxb5 Kf8 27. Rf1 Qg5 28. Bc6 Re6 29. Qd3 d5 30. Bd7 Rd6 31. Bg4 h5 32. Bf3 h4 33. a4 Qf6 34. a5 Kg7 35. a6 Rxa6 36. Bxd5 Rd6 37. Qc4 Qf4 38. d3 Qf5 39. Be4 Qf4 40. Bf3 Re6 41. Qc2 Rb6 42. Re1 Rf6 43. Re4 Qg5 44. Rg4 Qe5 45. Qd1 Ra6 46. Re4 Qf6 47. Re1 Ra2 48. Rf1 Qe5 49. Be4 Qg3 50. Qf3 Qg5 51. Bd5 f5 52. Bc4 Qd2 53. Kh1 Kh6 54. Bf7 Bxf2 55. Qc6 Qg5 56. Qe8 Qg3 57. Qh8+ Kg5 58. Qd8+ Kh6 59. Bd5 Bd4 60. Qf8+ Bg7 61. Qxc5 Rf2 62. Qxf2 Qg5 63. Qf4 Bf6 64. Qxg5+ Bxg5 65. b4 Be3 66. b5 g5 67. Rb1 Kg6 68. b6 Bf4 69. b7 Bb8 70. Rc1 Kf6 71. Rc8 Bf4 72. b8=Q Bxb8 73. Rxb8 g4 74. Rb5 Kg5 75. hxg4 Kf4 76. gxf5 Kg3 77. Rb4 h3 78. gxh3 Kxh3 79. Kg1 Kg3 80. Kf1 Kh3 81. Kf2 1-0


[Site "https://www.chess.com"]

[Event "Titled Tuesday Blitz October 11 Late 2022"]
[White "Melkumyan, Hrant"]
[Black "Svane, Rasmus"]
[WhiteFideId "13302485"]
[BlackFideId "4657101"]
[WhiteElo "2604"]
[BlackElo "2674"]
[Result "0-1"]
[Round "11"]
[TimeControl "180+1"]
[Date "2022.10.11"]
[WhiteClock "0:00:02"]
[BlackClock "0:00:05"]

1. Nf3 d5 2. e3 Nf6 3. c4 e6 4. Nc3 dxc4 5. Bxc4 a6 6. O-O b5 7. Be2 Bb7 8. Ne5 Nbd7 9. f4 Bd6 10. d4 c5 11. Bf3 Bxf3 12. Qxf3 O-O 13. Rd1 Qb6 14. a4 cxd4 15. a5 Qc7 16. exd4 b4 17. Ne2 Nd5 18. Be3 Rac8 19. Bf2 Rfd8 20. h4 Nxe5 21. fxe5 Be7 22. h5 h6 23. Be3 Qc2 24. Rd2 Qb3 25. Bf2 Qxf3 26. gxf3 Bg5 27. f4 Nxf4 28. Nxf4 Bxf4 29. Re2 b3 30. Ra3 Rb8 31. Kg2 Rdc8 32. Kf3 Bc1 33. Be3 Bxe3 34. Kxe3 Rc4 35. Rd2 Rb5 36. Rd3 Rcb4 37. Ra1 Rc4 38. Rc3 Rbb4 39. Rd1 Kf8 40. Rdd3 Ke7 41. Rxc4 Rxc4 42. Rxb3 Ra4 43. Rb7+ Ke8 44. b4 g5 45. hxg6 fxg6 46. Rb6 Ke7 47. Rb7+ Ke8 48. Rg7 Rxb4 49. Rxg6 Kf7 50. Rf6+ Ke7 51. Rxh6 Rb5 52. Rh7+ Ke8 53. Kf4 Rxa5 54. Kg5 Rd5 55. Kf6 Rxd4 56. Kxe6 Kf8 57. Rf7+ Kg8 58. Rf1 a5 59. Ke7 a4 60. e6 a3 61. Rg1+ Kh7 62. Kf6 Rf4+ 63. Ke5 Rf2 64. Re1 Kg7 65. Kd6 Rd2+ 66. Ke7 a2 67. Rg1+ Kh7 68. Kf7 Rf2+ 69. Ke8 Rb2 70. e7 Rb1 71. Rg2 a1=Q 72. Rh2+ Kg6 73. Rg2+ Kf5 74. Rf2+ Ke4 75. Kf7 Rb7 76. Rf6 Kd4 77. Kf8 Qa3 78. Re6 Kd5 79. Kf7 Qf3+ 80. Rf6 Qe4 81. Kg8 Qxe7 82. Rf5+ Kc4 0-1


[Site "https://www.chess.com"]

[Event "Titled Tuesday Blitz October 11 Late 2022"]
[White "Mickiewicz, Piotr"]
[Black "O`Gorman, Tom"]
[WhiteFideId "1114891"]
[BlackFideId "2508249"]
[WhiteElo "2246"]
[BlackElo "2271"]
[Result "1-0"]
[Round "11"]
[TimeControl "180+1"]
[Date "2022.10.11"]
[WhiteClock "0:00:02"]
[BlackClock "0:00:14"]

1. Nf3 Nf6 2. g3 g6 3. Bg2 Bg7 4. O-O O-O 5. d3 d6 6. Nbd2 Nc6 7. c3 e5 8. e4 a5 9. a4 Nd7 10. Re1 f5 11. Nc4 Nc5 12. Ne3 f4 13. Nd5 Bg4 14. h3 Bd7 15. gxf4 exf4 16. d4 Ne6 17. e5 dxe5 18. dxe5 g5 19. b3 h5 20. Ba3 Rf7 21. Nf6+ Bxf6 22. exf6 Qxf6 23. Qd5 g4 24. hxg4 hxg4 25. Ne5 Nxe5 26. Rxe5 f3 27. Bf1 Nf4 28. Rg5+ Kh8 29. Qe5 Qxe5 30. Rxe5 Rg8 31. Bc5 Rg6 32. Bd4 Kg8 33. Rae1 Nh3+ 34. Kh2 Rh6 35. Re8+ Rf8 36. Bc4+ Kh7 37. R1e7+ Kg6 38. Bd3+ Bf5 39. Rg7+ Kh5 40. Bxf5 Rxf5 41. Kg3 Nf4 42. Reg8 Ne2+ 43. Kh2 Kh4 44. Be3 Rhh5 45. Rxg4# 1-0


[Site "https://www.chess.com"]

[Event "Titled Tuesday Blitz October 11 Late 2022"]
[White "Mirzoev, Azer"]
[Black "Jean Louis, Marckens"]
[WhiteFideId "13400304"]
[BlackFideId "11900270"]
[WhiteElo "2525"]
[BlackElo "2030"]
[Result "1-0"]
[Round "11"]
[TimeControl "180+1"]
[Date "2022.10.11"]
[WhiteClock "0:01:04"]
[BlackClock "0:00:02"]

1. c4 e6 2. Nc3 Nf6 3. d4 d5 4. Nf3 Be7 5. Bf4 O-O 6. e3 c5 7. dxc5 Bxc5 8. Qc2 dxc4 9. Bxc4 Nc6 10. O-O a6 11. Rfd1 Qe7 12. Bg5 h6 13. Bh4 Nb4 14. Qe2 b5 15. Bb3 Bb7 16. e4 e5 17. a3 Nc6 18. Nd5 Nxd5 19. exd5 Nd4 20. Rxd4 g5 21. Rg4 Qd7 22. Nxe5 Qd8 23. Bg3 f5 24. Qc2 Rc8 25. Nc6 Bxc6 26. dxc6+ Kh7 27. Qxc5 fxg4 28. Rd1 Qf6 29. Qc2+ Qf5 30. Qxf5+ Rxf5 31. Bc2 Rf8 32. c7 1-0


[Site "https://www.chess.com"]

[Event "Titled Tuesday Blitz October 11 Late 2022"]
[White "Owen, Michael"]
[Black "Joubert, Dantelle"]
[WhiteFideId "7104820"]
[BlackFideId "14310813"]
[WhiteElo "1943"]
[BlackElo "1507"]
[Result "1-0"]
[Round "11"]
[TimeControl "180+1"]
[Date "2022.10.12"]
[WhiteClock "0:00:06"]
[BlackClock "0:00:05"]

1. e4 e5 2. Nf3 Nc6 3. Bb5 Nf6 4. O-O Nxe4 5. d4 Nd6 6. Bxc6 dxc6 7. dxe5 Nf5 8. Qxd8+ Kxd8 9. Nbd2 Ke8 10. Ne4 Ne7 11. b3 Bf5 12. Re1 Rd8 13. Bb2 Ng6 14. c4 Be7 15. Ng3 Bg4 16. Nd4 h5 17. Ngf5 Kf8 18. h3 Bxf5 19. Nxf5 Rd2 20. Bc3 Rd3 21. Bd4 c5 22. Bb2 Rd2 23. Bc3 Rd3 24. Rac1 Bg5 25. Rc2 Nf4 26. Ng3 Ne6 27. Ne4 Be7 28. Rd2 Rxd2 29. Bxd2 g6 30. Be3 Kg7 31. Rd1 b6 32. Rd7 Kf8 33. f4 Ke8 34. Rd3 Ng7 35. g4 hxg4 36. hxg4 Rh4 37. Nf2 Ne6 38. Kg2 g5 39. f5 Nd8 40. Kg3 Nc6 41. f6 Bf8 42. Bxg5 Rh8 43. Bf4 Nd8 44. Nh3 Ne6 45. Be3 Bh6 46. Bxh6 Rxh6 47. g5 Rxh3+ 48. Kxh3 Nf4+ 49. Kg4 Nxd3 50. Kf5 Kd7 51. e6+ fxe6+ 52. Ke4 Nf2+ 53. Ke3 Nh3 54. g6 1-0


[Site "https://www.chess.com"]

[Event "Titled Tuesday Blitz October 11 Late 2022"]
[White "Petrova, Irina"]
[Black "Bilan, Danila"]
[WhiteFideId "14124122"]
[BlackFideId "24161918"]
[WhiteElo "2023"]
[BlackElo "2203"]
[Result "1/2-1/2"]
[Round "11"]
[TimeControl "180+1"]
[Date "2022.10.12"]
[WhiteClock "0:00:34"]
[BlackClock "0:00:05"]

1. e4 c6 2. d4 d5 3. Nc3 dxe4 4. Nxe4 Bf5 5. Ng3 Bg6 6. h4 h6 7. Nf3 Nd7 8. h5 Bh7 9. Bd3 Bxd3 10. Qxd3 Qc7 11. Bd2 e6 12. O-O-O Bd6 13. Ne4 Ngf6 14. g3 Nxe4 15. Qxe4 O-O-O 16. Kb1 c5 17. c4 Nf6 18. Qe2 Qc6 19. Rc1 Qe4+ 20. Qxe4 Nxe4 21. Be3 cxd4 22. Bxd4 Bc5 23. Bxc5 Nxc5 24. Ne5 Rhf8 25. Rhd1 f6 26. Ng6 Rfe8 27. Nf4 e5 28. Nd5 Ne4 29. Rc2 b6 30. Kc1 Kb7 31. Ne3 Rxd1+ 32. Kxd1 Re7 33. Ke1 Nc5 34. Ke2 Ne6 35. Nf5 Rc7 36. b3 Kc6 37. Rd2 Kc5 38. a3 Nd4+ 39. Nxd4 exd4 40. Kd3 a5 41. Re2 b5 42. cxb5 Kxb5 43. Kxd4 Rd7+ 44. Kc3 Rc7+ 45. Kb2 a4 46. Rd2 axb3 47. Kxb3 Rc5 48. Rd7 Rxh5 49. Rxg7 Rh2 50. a4+ Kc5 51. f4 Rg2 52. Rg6 h5 53. Rxf6 Rxg3+ 54. Kc2 h4 55. Rh6 h3 1/2-1/2


[Site "https://www.chess.com"]

[Event "Titled Tuesday Blitz October 11 Late 2022"]
[White "Poliakova, Varvara"]
[Black "Janaszak, Dawid"]
[WhiteFideId "13518313"]
[BlackFideId "1119206"]
[WhiteElo "1938"]
[BlackElo "2226"]
[Result "0-1"]
[Round "11"]
[TimeControl "180+1"]
[Date "2022.10.12"]
[WhiteClock "0:00:03"]
[BlackClock "0:01:00"]

1. e4 c5 2. Nf3 e6 3. d4 cxd4 4. Nxd4 a6 5. Nc3 b5 6. a3 Bb7 7. Bd3 Bc5 8. Nf3 Ne7 9. O-O Qc7 10. Re1 Nbc6 11. Qe2 Ng6 12. e5 Nd4 13. Nxd4 Bxd4 14. Ne4 Bxe5 15. g3 Qc6 16. f3 O-O 17. c3 f5 18. Nd2 Rae8 19. a4 bxa4 20. Rf1 Bb8 21. Nc4 d5 22. Na3 e5 23. Be3 e4 24. fxe4 dxe4 25. Bc4+ Kh8 26. Nc2 Ne5 27. Ba2 Nd3 28. Nd4 Qg6 29. Kh1 f4 30. gxf4 Nxf4 31. Bxf4 Bxf4 32. Bb1 e3+ 33. Nf3 Qh5 34. Bd3 Bxh2 35. Qxh2 Bxf3+ 36. Rxf3 Qxf3+ 37. Qg2 e2 38. Qxf3 Rxf3 39. Bxa6 e1=Q+ 0-1


[Site "https://www.chess.com"]

[Event "Titled Tuesday Blitz October 11 Late 2022"]
[White "Preotu, Razvan"]
[Black "Sargsyan, Anna M."]
[WhiteFideId "2613280"]
[BlackFideId "13308130"]
[WhiteElo "2407"]
[BlackElo "2284"]
[Result "1-0"]
[Round "11"]
[TimeControl "180+1"]
[Date "2022.10.11"]
[WhiteClock "0:00:25"]
[BlackClock "0:00:01"]

1. e4 e5 2. Nf3 Nc6 3. Bc4 Bc5 4. c3 Nf6 5. d4 exd4 6. e5 d5 7. Bb5 Ne4 8. cxd4 Bb4+ 9. Bd2 Nxd2 10. Nbxd2 O-O 11. O-O Bg4 12. Bxc6 bxc6 13. Qc2 Rb8 14. a3 Be7 15. b4 Bd7 16. Nb3 f6 17. Rfe1 fxe5 18. Nxe5 Bd6 19. Nc5 Bf5 20. Qd2 Qh4 21. f4 Rbe8 22. g3 Qh6 23. Ned7 Rxe1+ 24. Rxe1 Rd8 25. Ne5 Rf8 26. Qc1 Bh3 27. Nxc6 Bxf4 28. Ne7+ Kh8 29. gxf4 Rxf4 30. Nf5 Rxf5 31. Re8+ 1-0


[Site "https://www.chess.com"]

[Event "Titled Tuesday Blitz October 11 Late 2022"]
[White "Prieto Aranguren, Alain"]
[Black "Rose, Felix"]
[WhiteFideId "2268906"]
[BlackFideId "5105722"]
[WhiteElo "2209"]
[BlackElo "2039"]
[Result "1-0"]
[Round "11"]
[TimeControl "180+1"]
[Date "2022.10.12"]
[WhiteClock "0:01:06"]
[BlackClock "0:00:11"]

1. e4 e5 2. Nf3 Nc6 3. c3 Nf6 4. d4 Nxe4 5. d5 Bc5 6. Be3 Bxe3 7. fxe3 Nb8 8. Nxe5 Qh4+ 9. g3 Nxg3 10. Nf3 Qh5 11. Rg1 Nxf1 12. Rxf1 d6 13. Qd4 O-O 14. Rg1 g6 15. Nbd2 c5 16. Qf4 Qf5 17. Qh6 Nd7 18. Ng5 Re8 19. Qxh7+ Kf8 20. O-O-O Ne5 21. Rdf1 Qd3 22. Rxf7+ 1-0


[Site "https://www.chess.com"]

[Event "Titled Tuesday Blitz October 11 Late 2022"]
[White "Rasulov, Vugar"]
[Black "Donchenko, Alexander"]
[WhiteFideId "13402390"]
[BlackFideId "24603295"]
[WhiteElo "2509"]
[BlackElo "2572"]
[Result "1-0"]
[Round "11"]
[TimeControl "180+1"]
[Date "2022.10.11"]
[WhiteClock "0:00:02"]
[BlackClock "0:00:08"]

1. d4 Nf6 2. c4 e6 3. Nf3 d5 4. Nc3 Bb4 5. Bg5 h6 6. Bxf6 Qxf6 7. Qb3 c5 8. cxd5 exd5 9. dxc5 Bxc3+ 10. Qxc3 Qxc3+ 11. bxc3 Be6 12. O-O-O Nd7 13. c6 bxc6 14. Nd4 c5 15. Nxe6 fxe6 16. e4 Nf6 17. exd5 exd5 18. g3 O-O-O 19. Bg2 Rhe8 20. Rhe1 Kc7 21. Kc2 Kd6 22. h3 Rxe1 23. Rxe1 Re8 24. Rxe8 Nxe8 25. Kd3 Nf6 26. Bf3 Nd7 27. Be2 Nb6 28. f4 Nc4 29. h4 a5 30. Bh5 Nb2+ 31. Kc2 Nc4 32. Kd3 Nb6 33. Be8 Nc8 34. h5 Ne7 35. g4 Ng8 36. g5 Ne7 37. Ke3 Ke6 38. Ba4 Nf5+ 39. Kf3 Nd6 40. Bc6 Ne4 41. c4 Nd2+ 42. Kg4 dxc4 43. f5+ Ke7 44. f6+ gxf6 45. gxh6 Kf8 46. Kf5 c3 47. Ba4 c4 48. Bc2 Nf3 49. Kxf6 Nd4 50. h7 1-0


[Site "https://www.chess.com"]

[Event "Titled Tuesday Blitz October 11 Late 2022"]
[White "Remolar Gallen, Jose"]
[Black "Tarasova, Viktoriya"]
[WhiteFideId "2215187"]
[BlackFideId "4175840"]
[WhiteElo "2214"]
[BlackElo "2182"]
[Result "1/2-1/2"]
[Round "11"]
[TimeControl "180+1"]
[Date "2022.10.12"]
[WhiteClock "0:00:18"]
[BlackClock "0:00:12"]

1. d4 Nf6 2. Nf3 e6 3. e3 d5 4. Bd3 b6 5. O-O Bb7 6. Nbd2 Bd6 7. b3 O-O 8. Bb2 a5 9. a3 Ne4 10. Qe2 c5 11. Rad1 Nd7 12. Ne5 Nxd2 13. Rxd2 Nf6 14. f4 Qc7 15. g4 Ne4 16. Bxe4 dxe4 17. g5 cxd4 18. Bxd4 Ba6 19. c4 Bxa3 20. Qh5 Bc5 21. Ng4 Bxd4 22. Rxd4 Kh8 23. Rfd1 Rad8 24. Kf2 Rxd4 25. Rxd4 a4 26. bxa4 Bxc4 27. Ne5 Bd5 28. g6 fxg6 29. Nxg6+ Kg8 30. Nxf8 Kxf8 31. Qxh7 Qc2+ 32. Kg3 Qe2 33. Rxe4 Qe1+ 34. Kg2 Qe2+ 35. Kg3 Qe1+ 36. Kg2 Qe2+ 37. Kg3 1/2-1/2


[Site "https://www.chess.com"]

[Event "Titled Tuesday Blitz October 11 Late 2022"]
[White "Romero Ruscalleda, Josep"]
[Black "Burke, Paul"]
[WhiteFideId "2231859"]
[BlackFideId "2605767"]
[WhiteElo "2340"]
[BlackElo "1900"]
[Result "1-0"]
[Round "11"]
[TimeControl "180+1"]
[Date "2022.10.12"]
[WhiteClock "0:01:25"]
[BlackClock "0:00:53"]

1. e4 e5 2. Nf3 Nc6 3. Bc4 Be7 4. d4 exd4 5. Nxd4 d6 6. O-O Nf6 7. Re1 O-O 8. Nxc6 bxc6 9. Nc3 Be6 10. Bd3 h6 11. Be3 d5 12. e5 Nd7 13. f4 Nb6 14. Ba6 c5 15. Bf2 d4 16. Ne4 Bd5 17. Qg4 Bxe4 18. Rxe4 f5 19. exf6 Bxf6 20. Rae1 Nd5 21. Bb7 Rb8 22. Qe6+ Kh8 23. Qxd5 Qxd5 24. Bxd5 Rxb2 25. Bb3 a5 26. a4 d3 27. Rc1 dxc2 28. Bxc2 Rd8 29. Rc4 Rd2 30. Kf1 g5 31. Be3 gxf4 32. Bxd2 1-0


[Site "https://www.chess.com"]

[Event "Titled Tuesday Blitz October 11 Late 2022"]
[White "Rorrer, Grayson"]
[Black "Korchmar, Vasiliy"]
[WhiteFideId "30944996"]
[BlackFideId "24131750"]
[WhiteElo "2130"]
[BlackElo "2370"]
[Result "1-0"]
[Round "11"]
[TimeControl "180+1"]
[Date "2022.10.11"]
[WhiteClock "0:01:09"]
[BlackClock "0:00:04"]

1. e4 c5 2. Nf3 d6 3. d4 cxd4 4. Nxd4 Nf6 5. Nc3 Nc6 6. Bg5 Bd7 7. Qd2 a6 8. O-O-O e6 9. f4 Be7 10. Kb1 b5 11. Qe3 b4 12. Bxf6 Bxf6 13. Nxc6 Bxc6 14. Nd5 Bxd5 15. exd5 O-O 16. dxe6 fxe6 17. Qxe6+ Kh8 18. Bd3 a5 19. Qh3 g6 20. Bxg6 Qc7 21. Rxd6 Qg7 22. Be4 Rad8 23. Rhd1 Rxd6 24. Rxd6 Qe7 25. Re6 Qd7 26. Bd3 Rf7 27. Qe3 Rf8 28. Qe4 Qg7 29. Re8 1-0


[Site "https://www.chess.com"]

[Event "Titled Tuesday Blitz October 11 Late 2022"]
[White "Rosen, Eric"]
[Black "Przybylski, Wojciech"]
[WhiteFideId "2032562"]
[BlackFideId "1117599"]
[WhiteElo "2362"]
[BlackElo "2221"]
[Result "0-1"]
[Round "11"]
[TimeControl "180+1"]
[Date "2022.10.12"]
[WhiteClock "0:00:01"]
[BlackClock "0:00:11"]

1. d4 Nf6 2. Bf4 e6 3. e3 b6 4. Qf3 Nc6 5. Nc3 Bb7 6. g4 Bb4 7. Ne2 Na5 8. Qg3 Ne4 9. Qg1 Bxc3+ 10. bxc3 g5 11. Be5 f6 12. f3 fxe5 13. fxe4 Bxe4 14. Bg2 d5 15. Bxe4 dxe4 16. Qg3 O-O 17. Qxe5 Qd5 18. Ng3 Qxe5 19. dxe5 Rf3 20. Ke2 Nc4 21. Raf1 Rxe3+ 22. Kd1 Rd8+ 23. Kc1 Nxe5 24. Re1 Nxg4 25. Rxe3 Nxe3 26. Re1 Nf5 27. Nxe4 h6 28. Kb2 Kf7 29. Kb3 Rd5 30. c4 Rd4 31. Kc3 c5 32. a4 Nd6 33. Nf2 Rxc4+ 34. Kb3 Rb4+ 35. Ka3 Nc4+ 36. Ka2 Rb2+ 37. Ka1 Rxc2 38. Nd3 Rc3 39. Rd1 Ne3 40. Rd2 Ra3+ 41. Kb1 Rxa4 42. Ne5+ Kf6 43. Nd7+ Ke7 44. Ne5 Re4 45. Nc6+ Kf6 46. Nxa7 Nd5 47. Rf2+ Rf4 48. Rg2 e5 49. Nc6 e4 50. Kc1 e3 51. Kd1 Rf2 52. Rg3 h5 53. Ke1 h4 54. Rg1 Nf4 55. Nb8 Nd3+ 56. Kd1 Rd2# 0-1


[Site "https://www.chess.com"]

[Event "Titled Tuesday Blitz October 11 Late 2022"]
[White "Rubio Tent, Francisco"]
[Black "Poltorak, Sebastian"]
[WhiteFideId "2238233"]
[BlackFideId "1199498"]
[WhiteElo "2211"]
[BlackElo "2232"]
[Result "1/2-1/2"]
[Round "11"]
[TimeControl "180+1"]
[Date "2022.10.12"]
[WhiteClock "0:00:05"]
[BlackClock "0:00:09"]

1. e4 c5 2. Nf3 Nc6 3. d4 cxd4 4. Nxd4 Nf6 5. Nc3 e5 6. Ndb5 d6 7. Bg5 a6 8. Na3 b5 9. Nd5 Be7 10. Bxf6 Bxf6 11. c4 b4 12. Nc2 a5 13. g3 O-O 14. Qd3 g6 15. Bg2 Bg7 16. O-O Be6 17. Rad1 Qb8 18. b3 Qa7 19. Nde3 Rfd8 20. h4 a4 21. Kh2 Qc5 22. Bh3 axb3 23. axb3 Bxh3 24. Kxh3 Ra2 25. Ra1 Rda8 26. Rxa2 Rxa2 27. Ra1 Rxa1 28. Nxa1 Nd4 29. Nac2 Nf3 30. Qd1 Nd4 31. Nxd4 exd4 32. Nd5 Qc8+ 33. Kg2 Qe6 34. Qd3 Qe5 35. Nxb4 Qa5 36. Nc2 Qe5 37. b4 f5 38. exf5 gxf5 39. Kf3 d5 40. cxd5 Qxd5+ 41. Ke2 Kf7 42. b5 Ke6 43. Nb4 Qe4+ 44. Qxe4+ fxe4 45. f3 d3+ 46. Nxd3 exd3+ 47. Kxd3 Kf5 48. Ke3 Be5 49. f4 Bb8 50. Kf3 h5 51. b6 Bd6 52. b7 Bb8 53. Ke3 Ba7+ 54. Kd3 Bb8 55. Kd4 Ke6 56. Ke4 Kf6 57. Kd5 Kf5 58. Kc6 Ke6 59. Kc5 Ba7+ 60. Kc6 Bb8 61. Kc5 Ba7+ 62. Kc4 Bb8 63. Kd4 Kf6 64. Kd5 Kf5 65. Kc6 Ke6 1/2-1/2


[Site "https://www.chess.com"]

[Event "Titled Tuesday Blitz October 11 Late 2022"]
[White "Rustemov, Alexander"]
[Black "Zierk, Steven"]
[WhiteFideId "4119002"]
[BlackFideId "2034255"]
[WhiteElo "2871"]
[BlackElo "2494"]
[Result "0-1"]
[Round "11"]
[TimeControl "180+1"]
[Date "2022.10.11"]
[WhiteClock "0:00:02"]
[BlackClock "0:00:04"]

1. d4 d5 2. c4 c6 3. Nc3 Nf6 4. e3 e6 5. Nf3 Nbd7 6. Qc2 Bd6 7. b3 O-O 8. Be2 dxc4 9. bxc4 e5 10. O-O Re8 11. Rd1 e4 12. Nd2 Qe7 13. a4 a5 14. Qb3 b6 15. Ba3 Bb4 16. Nf1 Ba6 17. Rdb1 c5 18. Nb5 Bxb5 19. axb5 h5 20. Bb2 h4 21. h3 Qe6 22. Rd1 Qf5 23. Qc2 Nf8 24. Nh2 Ne6 25. Ng4 Nxg4 26. Bxg4 Qg6 27. Bxe6 Rxe6 28. dxc5 Bxc5 29. Bd4 Rc8 30. Qe2 Rd6 31. Bxc5 Rxc5 32. Rxd6 Qxd6 33. Rd1 Qe6 34. Rd4 Rg5 35. Kh1 Qg6 36. Qf1 Kh7 37. Qb1 Rxg2 38. Qxe4 Qxe4 39. Rxe4 Rxf2 40. Rxh4+ Kg6 41. c5 bxc5 42. Rc4 Rb2 43. Rxc5 a4 44. Rc6+ f6 45. Ra6 Rb4 46. Kg2 Kg5 47. Kg3 Kf5 48. b6 Ke4 49. b7 Rxb7 50. Rxa4+ Kxe3 51. h4 Rb1 52. Kg2 Rb2+ 53. Kg3 Rb3 54. Ra7 Ke4+ 55. Kg4 f5+ 56. Kh5 Rg3 57. Re7+ Kd3 58. Rf7 g6+ 59. Kh6 Ke3 60. h5 gxh5 61. Kxh5 f4 62. Kh4 Rg8 63. Kh3 f3 64. Re7+ Kd3 65. Rf7 Ke2 66. Re7+ Kf1 67. Rf7 f2 68. Kh2 Rh8+ 69. Kg3 Kg1 70. Rxf2 Rg8+ 71. Kf3 Rf8+ 72. Ke3 Rxf2 0-1


[Site "https://www.chess.com"]

[Event "Titled Tuesday Blitz October 11 Late 2022"]
[White "Sabar, Ethmane Daouda"]
[Black "Rodriguez Santiago, Jaime"]
[WhiteFideId "19600097"]
[BlackFideId "3100898"]
[WhiteElo "1950"]
[BlackElo "2025"]
[Result "0-1"]
[Round "11"]
[TimeControl "180+1"]
[Date "2022.10.12"]
[WhiteClock "0:00:44"]
[BlackClock "0:01:58"]

1. Nf3 g6 2. g3 Bg7 3. Bg2 e5 4. O-O f5 5. d3 d6 6. Nbd2 Nf6 7. e4 O-O 8. c3 f4 9. h3 Nc6 10. g4 h5 11. g5 Nh7 12. h4 Be6 13. b4 Bg4 14. Qb3+ Kh8 15. a4 Qd7 16. Re1 Bh3 17. Nh2 Bxg2 18. Kxg2 f3+ 19. Ndxf3 Nd8 20. Re3 Ne6 21. Kf1 Nf4 22. Ng1 Rf7 23. Rg3 Raf8 24. c4 Ne6 25. Be3 Nd4 26. Bxd4 exd4 27. Qb2 Be5 28. Rg2 Rf4 29. Nhf3 Rxf3 30. Nxf3 Rxf3 31. Ke2 Qh3 32. Rag1 Rxd3 33. Qb1 Qf3+ 34. Ke1 Qxe4+ 0-1


[Site "https://www.chess.com"]

[Event "Titled Tuesday Blitz October 11 Late 2022"]
[White "Salman, Pavel"]
[Black "Prydun, Andriy"]
[WhiteFideId "24153753"]
[BlackFideId "14145898"]
[WhiteElo "2187"]
[BlackElo "2163"]
[Result "1-0"]
[Round "11"]
[TimeControl "180+1"]
[Date "2022.10.12"]
[WhiteClock "0:01:25"]
[BlackClock "0:00:07"]

1. Nf3 Nf6 2. g3 d5 3. Bg2 a5 4. O-O a4 5. a3 Nc6 6. d3 e5 7. e4 dxe4 8. dxe4 Qxd1 9. Rxd1 Bg4 10. Nbd2 Bc5 11. h3 Be6 12. Ng5 Ke7 13. Nxe6 fxe6 14. Nc4 b5 15. Be3 Bd6 16. Nxd6 cxd6 17. c3 Na5 18. Bf1 Nc4 19. Bxc4 bxc4 20. f3 Ra5 21. Rd2 Rb5 22. Rad1 d5 23. Bg5 Kd6 24. Bxf6 gxf6 25. Kf2 Rhb8 26. exd5 exd5 27. Ke3 d4+ 28. cxd4 Rb3+ 29. Ke4 Ke6 30. dxe5 Rd3 31. Rxd3 cxd3 32. exf6 Rxb2 33. Rxd3 Kxf6 34. Rd6+ Kg5 35. h4+ 1-0


[Site "https://www.chess.com"]

[Event "Titled Tuesday Blitz October 11 Late 2022"]
[White "Sanal, Vahap"]
[Black "Koziorowicz, Michal"]
[WhiteFideId "6300545"]
[BlackFideId "21809194"]
[WhiteElo "2574"]
[BlackElo "2220"]
[Result "1-0"]
[Round "11"]
[TimeControl "180+1"]
[Date "2022.10.11"]
[WhiteClock "0:01:56"]
[BlackClock "0:01:38"]

1. g3 d5 2. Bg2 c6 3. d3 Nf6 4. Nf3 g6 5. Bd2 Bg7 6. Qc1 h5 7. O-O Bg4 8. Re1 Qc8 9. e4 dxe4 10. dxe4 h4 11. Nxh4 Bh3 12. e5 Nd5 13. c4 Nb6 14. Bc3 Rxh4 15. gxh4 Qg4 16. Qg5 Nxc4 17. Qxg4 Bxg4 18. e6 f6 19. Re4 Nxb2 20. Rxg4 Nd1 21. Rxg6 Kf8 22. Bd4 Na6 23. Na3 c5 24. Rxd1 cxd4 25. Rxd4 1-0


[Site "https://www.chess.com"]

[Event "Titled Tuesday Blitz October 11 Late 2022"]
[White "Sanchez Alvares, Kelvin Antonio"]
[Black "Hemam, Moulaye Brahim"]
[WhiteFideId "3906680"]
[BlackFideId "19600054"]
[WhiteElo "2217"]
[BlackElo "2088"]
[Result "1-0"]
[Round "11"]
[TimeControl "180+1"]
[Date "2022.10.12"]
[WhiteClock "0:00:18"]
[BlackClock "0:00:37"]

1. e4 c5 2. Nf3 Nc6 3. d4 cxd4 4. Nxd4 Nf6 5. Nc3 e5 6. Ndb5 d6 7. Bg5 a6 8. Bxf6 gxf6 9. Na3 b5 10. Nd5 Bg7 11. Bd3 Ne7 12. Nxe7 Qxe7 13. Qf3 f5 14. O-O d5 15. exd5 e4 16. d6 exf3 17. dxe7 Bxb2 18. Nxb5 axb5 19. Rab1 fxg2 20. Bxb5+ Kxe7 21. Rfe1+ Be6 22. Rxb2 Kf6 23. a4 Bd5 24. c4 Bf3 25. Rb3 Be4 26. f3 Bc2 27. Rb4 Rhg8 28. Ra1 Bd3 29. Rb2 Bf1 30. Rc1 Rg5 31. c5 Ra5 32. c6 Rg8 33. c7 Bxb5 34. axb5 1-0


[Site "https://www.chess.com"]

[Event "Titled Tuesday Blitz October 11 Late 2022"]
[White "Sanchez, Robert"]
[Black "Clawitter, Craig"]
[WhiteFideId "2034360"]
[BlackFideId "2023105"]
[WhiteElo "2393"]
[BlackElo "2226"]
[Result "0-1"]
[Round "11"]
[TimeControl "180+1"]
[Date "2022.10.12"]
[WhiteClock "0:00:30"]
[BlackClock "0:00:09"]

1. e4 e6 2. d4 d5 3. Nd2 Be7 4. Ngf3 Nf6 5. e5 Nfd7 6. c3 c5 7. Bd3 Nc6 8. O-O a5 9. c4 dxc4 10. Bxc4 cxd4 11. Re1 Qc7 12. Qe2 O-O 13. Bd3 Nc5 14. Bb1 b6 15. Ne4 Ba6 16. Qd1 Nxe5 17. Nxc5 Nxf3+ 18. Qxf3 bxc5 19. Qe4 g6 20. Bh6 Rfd8 21. Qf3 d3 22. Rd1 c4 23. a4 Qb7 24. Qe3 Qxb2 25. Ba2 Bf6 26. h4 Qxa1 27. Rxa1 Bxa1 28. Qf3 Rac8 29. h5 d2 30. Bxd2 Rxd2 31. h6 c3 32. Qf6 c2 33. Qxa1 Rd1+ 0-1


[Site "https://www.chess.com"]

[Event "Titled Tuesday Blitz October 11 Late 2022"]
[White "Sarana, Alexey"]
[Black "Urazayev, Arystanbek"]
[WhiteFideId "24133795"]
[BlackFideId "13709810"]
[WhiteElo "2689"]
[BlackElo "2441"]
[Result "0-1"]
[Round "11"]
[TimeControl "180+1"]
[Date "2022.10.11"]
[WhiteClock "0:00:05"]
[BlackClock "0:00:13"]

1. c4 e6 2. Nc3 d5 3. d4 Nf6 4. Nf3 Nbd7 5. Qc2 dxc4 6. e4 c5 7. dxc5 Bxc5 8. Bxc4 Qc7 9. O-O Bxf2+ 10. Qxf2 Qxc4 11. e5 Ne4 12. Nxe4 Qxe4 13. Ng5 Qg6 14. Qxf7+ Qxf7 15. Rxf7 Nxe5 16. Rxg7 Bd7 17. Bf4 Nd3 18. Bd6 O-O-O 19. Rd1 Rhg8 20. Rxg8 Rxg8 21. Nxh7 Nxb2 22. Rd4 Bc6 23. g3 Na4 24. Nf6 Rh8 25. h4 Nc3 26. Kf2 Rh6 27. Be5 Nd5 28. Nxd5 Bxd5 29. Rf4 Rh5 30. Rf8+ Kd7 31. Bf4 e5 32. Bg5 Bxa2 33. g4 Rh7 34. Kg3 a5 35. h5 a4 36. Ra8 Bb3 37. Bf6 Ke6 38. Bg5 b5 39. Bd2 Rd7 40. h6 Bc2 41. Bc3 Rd3+ 42. Kh4 Rxc3 43. Ra6+ Kd5 44. g5 Rc4+ 45. Kh5 Rc3 46. g6 Rh3+ 47. Kg4 Rxh6 48. g7 Rxa6 49. g8=Q+ Kc5 50. Qc8+ Rc6 51. Qf8+ Kc4 52. Qe8 Rc5 53. Qe6+ Kb4 54. Kf3 a3 55. Qa6 Ba4 56. Qe6 Bb3 57. Qg4+ Rc4 58. Qd7 a2 59. Qd6+ Kc3 60. Qxe5+ Kc2 61. Qe2+ Kb1 62. Qd3+ Kb2 63. Qd2+ Rc2 64. Qd4+ Rc3+ 65. Ke4 a1=Q 66. Ke5 Qb1 67. Kd6 Qd3 68. Ke7 Qxd4 69. Ke8 Re3+ 70. Kf8 Qf4+ 71. Kg7 Rg3+ 72. Kh8 Qh4# 0-1


[Site "https://www.chess.com"]